[Event "GER-ch Youth-U10 2022"]
[Site "Willingen"]
[Date "2022.06.10"]
[Round "9.23"]
[White "Hellriegel, Hannes"]
[Black "Leonhardt, Max"]
[Result "1/2-1/2"]
[ECO "C50"]
[WhiteElo "1335"]
[BlackElo "1114"]
[Annotator "NA RC COMBH"]
[PlyCount "88"]
[EventDate "2022.06.05"]
[EventType "swiss"]
[EventRounds "11"]
[EventCountry "GER"]
[SourceTitle "playchess.com"]
[Source "ChessBase"]
[SourceQuality "1"]
[TimeControl "40/4500+30:900+30"]

1. e4 e5 2. Nf3 Nc6 3. Bc4 Bc5 4. Nc3 d6 5. Na4 Bb6 6. d3 Bg4 7. h3 Bh5 8. Nxb6 axb6 9. Be3 Nf6 10. Bg5 O-O 11. Bxf6 Qxf6 12. c3 Rfe8 13. a4 Qf4 14. Qe2 Na5 15. b4 Nxc4 16. dxc4 c6 17. Qe3 Qxe3+ 18. fxe3 Bg6 19. Nd2 b5 20. a5 bxc4 21. Ke2 d5 22. Kf3 Red8 23. exd5 cxd5 24. Rhe1 f6 25. e4 dxe4+ 26. Nxe4 Bxe4+ 27. Kxe4 Kf7 28. g4 Rd3 29. Re3 Rxe3+ 30. Kxe3 Rd8 31. b5 Rd3+ 32. Ke2 Rd8 33. a6 bxa6 34. Rxa6 Rb8 35. b6 Ke7 36. Ra7+ Kd6 37. Rxg7 Rxb6 38. Rxh7 Rb3 39. Kd2 e4 40. Rh8 e3+ 41. Kxe3 Rxc3+ 42. Kd4 Rc1 43. Rc8 Rd1+ 44. Kc3 Rh1 1/2-1/2

[Event "GER-ch Youth-U10 2022"]
[Site "Willingen"]
[Date "2022.06.10"]
[Round "9.24"]
[White "Antonius, Richard-Malte"]
[Black "Svanidze, Alexander"]
[Result "0-1"]
[ECO "D02"]
[WhiteElo "1106"]
[BlackElo "1348"]
[Annotator "NA RC COMBH"]
[PlyCount "104"]
[EventDate "2022.06.05"]
[EventType "swiss"]
[EventRounds "11"]
[EventCountry "GER"]
[SourceTitle "playchess.com"]
[Source "ChessBase"]
[SourceQuality "1"]
[TimeControl "40/4500+30:900+30"]

1. d4 Nf6 2. Nf3 e6 3. c3 d5 4. Bf4 c5 5. e3 Nc6 6. Bd3 c4 7. Bc2 Bd6 8. Bxd6 Qxd6 9. Nbd2 O-O 10. O-O a6 11. Re1 b5 12. a3 Bb7 13. e4 dxe4 14. Nxe4 Nxe4 15. Bxe4 Rad8 16. Bc2 Rfe8 17. Qd2 h6 18. Rad1 e5 19. Qe2 e4 20. Nd2 f5 21. Qh5 Qf6 22. Nf1 Rf8 23. Ng3 Na5 24. Rd2 Rd5 25. Qd1 Re8 26. Nh5 Qg5 27. Ng3 Nc6 28. f3 e3 29. Rde2 f4 30. Ne4 Qe7 31. Nf2 exf2+ 32. Kxf2 Qh4+ 33. Kf1 Rxe2 34. Qxe2 Qh5 35. Qe6+ Qf7 36. Qe4 g5 37. Qe2 Rd7 38. Qd2 Re7 39. Rd1 Na5 40. Qf2 Nb3 41. h3 Re3 42. Re1 Qe7 43. Rxe3 fxe3 44. Qe2 Nd2+ 45. Ke1 Qe6 46. Kd1 h5 47. Ke1 g4 48. fxg4 hxg4 49. hxg4 Qe7 50. Bd1 Qh4+ 51. g3 Qxg3+ 52. Qf2 Qxf2# 0-1

[Event "GER-ch Youth-U10 2022"]
[Site "Willingen"]
[Date "2022.06.10"]
[Round "9.25"]
[White "Rinke, Alexander"]
[Black "Li, Joshua"]
[Result "0-1"]
[ECO "C02"]
[WhiteElo "1292"]
[BlackElo "1599"]
[Annotator "NA RC COMBH"]
[PlyCount "96"]
[EventDate "2022.06.05"]
[EventType "swiss"]
[EventRounds "11"]
[EventCountry "GER"]
[SourceTitle "playchess.com"]
[Source "ChessBase"]
[SourceQuality "1"]
[TimeControl "40/4500+30:900+30"]

1. e4 c5 2. Nf3 e6 3. c3 Nc6 4. d4 cxd4 5. cxd4 d5 6. e5 Qb6 7. a3 Nge7 8. b4 Nf5 9. Bb2 a5 10. b5 Be7 11. Ra2 Na7 12. Nc3 Bd7 13. a4 O-O 14. Bd3 g6 15. Bxf5 gxf5 16. Bc1 Be8 17. Bh6 Bb4 18. Rc2 Bxb5 19. axb5 Rfc8 20. Qd2 Qd8 21. Bg5 Rxc3 22. Rxc3 Nxb5 23. Bxd8 Bxc3 24. Qxc3 Nxc3 25. Be7 a4 26. Kd2 Nb5 27. Rb1 a3 28. Ra1 Ra4 29. Bc5 Ra6 30. Kc2 b6 31. Bd6 Nxd6 32. exd6 Kf8 33. Kb3 b5 34. Rxa3 Rxd6 35. Kb4 Rc6 36. Rc3 Rc4+ 37. Rxc4 bxc4 38. Ne5 Ke7 39. Nxc4 dxc4 40. Kxc4 Kd6 41. f4 h5 42. g3 Kc6 43. d5+ exd5+ 44. Kd4 f6 45. h3 Kd6 46. h4 Kc6 47. Kd3 Kc5 48. Ke3 Kc4 0-1

[Event "GER-ch Youth-U10 2022"]
[Site "Willingen"]
[Date "2022.06.10"]
[Round "9.27"]
[White "Khanbekyan, Aram"]
[Black "Mulgunov, Jefim Nikolaj"]
[Result "0-1"]
[ECO "C56"]
[WhiteElo "998"]
[BlackElo "1055"]
[Annotator "NA RC COMBH"]
[PlyCount "40"]
[EventDate "2022.06.05"]
[EventType "swiss"]
[EventRounds "11"]
[EventCountry "GER"]
[SourceTitle "playchess.com"]
[Source "ChessBase"]
[SourceQuality "1"]
[TimeControl "40/4500+30:900+30"]

1. e4 e5 2. Nf3 Nc6 3. d4 exd4 4. Bc4 Nf6 5. e5 d5 6. Bb5 Ne4 7. Nxd4 Bc5 8. Nxc6 Bxf2+ 9. Kf1 bxc6 10. Bxc6+ Kf8 11. Bxa8 Ba6+ 12. Qe2 Bxe2+ 13. Kxe2 Qxa8 14. Rf1 Qc6 15. c3 Qc4+ 16. Kf3 Qxf1 17. Be3 Bh4+ 18. Kg4 Qxg2+ 19. Kf4 g5+ 20. Kf5 Qh3# 0-1

[Event "GER-ch Youth-U10 2022"]
[Site "Willingen"]
[Date "2022.06.10"]
[Round "10.1"]
[White "Rodriguez Klasen, Ennio"]
[Black "Nezhyvenko, Mykhaylo"]
[Result "1/2-1/2"]
[ECO "B24"]
[WhiteElo "1315"]
[BlackElo "1488"]
[Annotator "NA RC COMBH"]
[PlyCount "96"]
[EventDate "2022.06.05"]
[EventType "swiss"]
[EventRounds "11"]
[EventCountry "GER"]
[SourceTitle "playchess.com"]
[Source "ChessBase"]
[SourceQuality "1"]
[TimeControl "40/4500+30:900+30"]

1. e4 c5 2. Nc3 Nc6 3. Nge2 e6 4. g3 Nf6 5. Bg2 Be7 6. d3 O-O 7. O-O d5 8. exd5 exd5 9. d4 Bf5 10. Be3 Qd7 11. dxc5 Rfd8 12. Nd4 Bg6 13. Nxc6 bxc6 14. Bd4 Rab8 15. Re1 Bf8 16. Rb1 Qf5 17. Re5 Qxc2 18. Qxc2 Bxc2 19. Rc1 Bg6 20. b3 Rb4 21. Ne2 Ng4 22. Rg5 f5 23. h3 Nh6 24. Bc3 Rb7 25. Nd4 Bxc5 26. Ne6 Be7 27. Nxd8 Bxg5 28. Nxb7 Bxc1 29. Bd4 a6 30. Bf1 f4 31. g4 Bb1 32. a4 Bc2 33. Nc5 a5 34. Bd3 Bd1 35. Bb5 cxb5 36. axb5 Nf7 37. b6 Nd8 38. Ne6 Nb7 39. Nc5 Nd8 40. Ne6 Nc6 41. b7 Be2 42. Nd8 Ba6 43. Nxc6 Bxb7 44. Nxa5 Ba6 45. Nc6 Kf7 46. Kg2 Be2 47. Nb4 f3+ 48. Kg3 Bd1 1/2-1/2

[Event "GER-ch Youth-U10 2022"]
[Site "Willingen"]
[Date "2022.06.10"]
[Round "10.2"]
[White "Zhang, Yibo"]
[Black "Gersemann, Karl"]
[Result "1/2-1/2"]
[ECO "C45"]
[WhiteElo "1436"]
[BlackElo "1620"]
[Annotator "NA RC COMBH"]
[PlyCount "96"]
[EventDate "2022.06.05"]
[EventType "swiss"]
[EventRounds "11"]
[EventCountry "GER"]
[SourceTitle "playchess.com"]
[Source "ChessBase"]
[SourceQuality "1"]
[TimeControl "40/4500+30:900+30"]

1. e4 e5 2. Nf3 Nc6 3. d4 exd4 4. Nxd4 Bc5 5. Nb3 Bb6 6. Qe2 Nge7 7. Nc3 d6 8. Be3 Be6 9. O-O-O Qd7 10. g3 Ne5 11. Bg2 Bxe3+ 12. Qxe3 Qc6 13. Nd5 Bxd5 14. exd5 Qb6 15. Qe2 O-O-O 16. f4 N5g6 17. Rhe1 Rhe8 18. Qd3 Kb8 19. h4 h6 20. Re2 Ng8 21. Be4 Nf8 22. Rde1 Nf6 23. Bf3 Rxe2 24. Qxe2 a6 25. Qe3 Qb4 26. a3 Qa4 27. Qd4 Qd7 28. Na5 Re8 29. Rxe8+ Qxe8 30. Kd2 N8d7 31. Qe3 Qxe3+ 32. Kxe3 Nb6 33. Kd4 Ka7 34. Nc4 Nxc4 35. Kxc4 b5+ 36. Kd4 Kb6 37. b4 a5 38. g4 axb4 39. axb4 Nh7 40. h5 f5 41. Be2 fxg4 42. Bxg4 Nf6 43. Bf3 Kb7 44. c4 bxc4 45. Kxc4 Kb6 46. b5 Ka5 47. Bd1 Ne4 48. Be2 Nf6 1/2-1/2

[Event "GER-ch Youth-U10 2022"]
[Site "Willingen"]
[Date "2022.06.10"]
[Round "10.3"]
[White "Campora, Daniel H."]
[Black "Fischermann, Simon"]
[Result "1/2-1/2"]
[ECO "D00"]
[WhiteElo "2397"]
[BlackElo "1344"]
[Annotator "TA"]
[PlyCount "87"]
[EventDate "2022.06.05"]
[EventType "swiss"]
[EventRounds "11"]
[EventCountry "GER"]
[SourceTitle "playchess.com"]
[Source "ChessBase"]
[SourceQuality "1"]
[TimeControl "40/4500+30:900+30"]

1. d4 d5 2. e3 Nf6 3. c3 e6 4. Bd3 c5 5. f4 c4 6. Bc2 {[%emt 0:00:10] D00: 1 d4 d5: Unusual lines.} Bd6 7. Nd2 O-O 8. Ngf3 b6 9. O-O Bb7 10. Ne5 {[%emt 0:00:37] [#]} Nfd7 $146 (10... b5 $11 {keeps the balance.}) ({Predecessor:} 10... Qc7 11. Ndf3 Nfd7 12. Bxh7+ Kxh7 13. Ng5+ Kg8 14. Qh5 Nf6 15. Qh4 g6 16. Qh6 Re8 17. Ngxf7 Qxf7 18. Nxf7 Kxf7 {½-½ (48) Voudouris,N (1354)-Bieszk,S (1246) LSS email 2012}) 11. e4 $16 {[%emt 0:05:45] White is more active.} (11. Qh5 f5 $14) 11... Bxe5 (11... Nf6 $16) 12. fxe5 $18 Nc6 (12... f6 $142 13. exf6 Nxf6) 13. exd5 exd5 14. Qf3 (14. Qh5 g6 15. Qh3 Bc8) 14... Ne7 (14... Ndxe5 {was worth a try.} 15. dxe5 Nxe5) 15. Qh3 ({Less strong is} 15. Nxc4 Ba6 $18) 15... Ng6 16. Bf5 Bc8 17. Nf3 Nb8 $2 (17... Qe8 18. Bd2 a6) 18. Bxc8 $2 (18. e6 $18 {has better winning chances.} fxe6 19. Ng5 $1 Rxf5 20. Qxh7+ Kf8 21. Rxf5+ (21. Qxg6 Rxf1+ 22. Kxf1 Qf6+ 23. Qxf6+ gxf6 $11) 21... exf5 22. Qxg6) 18... Qxc8 $16 19. Qg3 Qc6 {[%emt 0:09:01] [#]} (19... Nc6 $16) 20. Bf4 ({Better is} 20. h4 $1 $18 ) 20... Nxf4 (20... Nd7 $14) 21. Qxf4 Nd7 (21... Qd7 $16 {was necessary.}) 22. Rae1 Qb5 $2 (22... Kh8 $16 23. Qf5 Qe6) 23. Qd2 (23. Nh4 $142) 23... Rae8 $18 {[%emt 0:00:51] [#]} 24. Nh4 $1 g6 $2 (24... Qc6 25. Nf5 f6) 25. a3 a5 26. Nf3 $2 (26. Qh6 $18) 26... Kg7 (26... Qc6 $142) 27. Rf2 ({White should try} 27. g4) 27... h6 (27... Qc6 $16 {might work better.}) 28. h3 Re6 $2 (28... Qc6 $16 {is a better defense.} 29. Qc2 Qe6) 29. Nh2 h5 30. Nf3 f6 (30... Qc6 {keeps fighting.} 31. Ng5 Ree8) 31. exf6+ Rexf6 32. Re7+ R6f7 $2 (32... R8f7 33. Rfe2 Nf8) 33. Rxf7+ (33. Rfe2 $142) 33... Rxf7 34. Ng5 $2 (34. Re2 $18 {and White stays clearly on top.}) 34... Rxf2 $16 35. Qxf2 {[%emt 0:00:08][%mdl 4096] Endgame White threatens Qf7+ and mate. KQN-KQN} Nf6 $1 36. Qe2 (36. Qf4 $16) 36... Qe8 $11 {[%emt 0:01:26] The position is equal.} 37. Qxe8 Nxe8 {[%emt 0:00:10] KN-KN} 38. Kf2 Kf6 39. h4 Nd6 40. Kf3 Kf5 41. g3 b5 42. Nh3 {[%emt 0:00:38] Nf4 is the strong threat.} Ne4 43. Nf4 Nf6 44. Ng2 {[%emt 0:00:41] Black defended with fortune.  Weighted Error Value: White=0.79/Black=0.69} 1/2-1/2

[Event "GER-ch Youth-U10 2022"]
[Site "Willingen"]
[Date "2022.06.10"]
[Round "10.4"]
[White "Dotschuweit, Erik"]
[Black "Shen, Tingrui"]
[Result "1/2-1/2"]
[ECO "B02"]
[WhiteElo "1323"]
[BlackElo "1621"]
[Annotator "NA RC COMBH"]
[PlyCount "65"]
[EventDate "2022.06.05"]
[EventType "swiss"]
[EventRounds "11"]
[EventCountry "GER"]
[SourceTitle "playchess.com"]
[Source "ChessBase"]
[SourceQuality "1"]
[TimeControl "40/4500+30:900+30"]

1. e4 c5 2. Nf3 Nf6 3. Nc3 d5 4. exd5 Nxd5 5. Bc4 Nxc3 6. bxc3 e6 7. d4 Be7 8. O-O O-O 9. Bf4 Nc6 10. Qe2 a6 11. a4 b6 12. Rad1 cxd4 13. cxd4 Na5 14. Bd3 Bb7 15. Ne5 Bf6 16. Qh5 g6 17. Qg4 Bg7 18. Bg5 Qd6 19. Nf3 Rac8 20. h4 h5 21. Qh3 Nc4 22. Nd2 Nb2 23. Rb1 Nxd3 24. Qxd3 Qxd4 25. Be3 Qxd3 26. cxd3 b5 27. axb5 axb5 28. Rxb5 Ba6 29. Rb3 Rfd8 30. Nc4 Rxc4 31. dxc4 Bxc4 32. Rfb1 Bxb3 33. Rxb3 1/2-1/2

[Event "GER-ch Youth-U10 2022"]
[Site "Willingen"]
[Date "2022.06.10"]
[Round "10.5"]
[White "Bundan, Edward"]
[Black "Li, Yunqi"]
[Result "1-0"]
[ECO "B87"]
[WhiteElo "1240"]
[BlackElo "1312"]
[Annotator "NA RC COMBH"]
[PlyCount "111"]
[EventDate "2022.06.05"]
[EventType "swiss"]
[EventRounds "11"]
[EventCountry "GER"]
[SourceTitle "playchess.com"]
[Source "ChessBase"]
[SourceQuality "1"]
[TimeControl "40/4500+30:900+30"]

1. e4 c5 2. Nf3 d6 3. d4 cxd4 4. Nxd4 Nf6 5. Nc3 a6 6. Bc4 e6 7. Bg5 b5 8. Bb3 Be7 9. Qf3 Qc7 10. O-O-O Bb7 11. Rhe1 Nbd7 12. Bxe6 O-O 13. Bxd7 Qxd7 14. Nf5 h6 15. Bxf6 Bxf6 16. Rxd6 Qc7 17. Nxh6+ Kh7 18. Nf5 Bg5+ 19. Kb1 g6 20. Red1 Rad8 21. R6d3 Rxd3 22. cxd3 b4 23. Ne2 Qe5 24. Ne3 Kg7 25. Qg3 Qxg3 26. hxg3 Rd8 27. f4 Be7 28. Kc2 Bc5 29. Nc4 f6 30. Na5 Ba8 31. Nb3 Bb6 32. Rf1 Rc8+ 33. Kb1 Rd8 34. Nec1 f5 35. Nd2 Re8 36. Nc4 Ba7 37. Nd6 Rd8 38. e5 Bxg2 39. Re1 Bc6 40. Re2 Rd7 41. Rc2 Bd5 42. Nb3 Bxb3 43. axb3 a5 44. Kc1 Kh6 45. Rh2+ Kg7 46. Ne8+ Kf7 47. Nd6+ Kg7 48. Re2 Kf8 49. Rc2 Ke7 50. Nc8+ Ke8 51. Nxa7 Rxa7 52. Rc6 Kf7 53. Rb6 Rc7+ 54. Kd2 Ra7 55. Rc6 Rb7 56. d4 1-0

[Event "GER-ch Youth-U10 2022"]
[Site "Willingen"]
[Date "2022.06.10"]
[Round "10.6"]
[White "Rau, Eduard"]
[Black "Peglau, Paul David"]
[Result "0-1"]
[ECO "B13"]
[WhiteElo "1406"]
[BlackElo "1623"]
[Annotator "NA RC COMBH"]
[PlyCount "92"]
[EventDate "2022.06.05"]
[EventType "swiss"]
[EventRounds "11"]
[EventCountry "GER"]
[SourceTitle "playchess.com"]
[Source "ChessBase"]
[SourceQuality "1"]
[TimeControl "40/4500+30:900+30"]

1. e4 c6 2. d4 d5 3. exd5 cxd5 4. Bd3 Nc6 5. c3 Nf6 6. Bf4 Bg4 7. Qb3 Qc8 8. Nd2 e6 9. Ngf3 Be7 10. Ne5 Bh5 11. O-O O-O 12. Qc2 Bg6 13. Nxg6 hxg6 14. Rae1 b5 15. Nf3 b4 16. Qa4 bxc3 17. bxc3 Nd7 18. Ba6 Nb6 19. Bxc8 Nxa4 20. Bb7 Na5 21. Bxa8 Rxa8 22. Ne5 Nxc3 23. Bd2 Rc8 24. Re3 Bb4 25. a3 Nb3 26. axb4 Nxd2 27. Ra1 Nb3 28. Rae1 Nxd4 29. Kf1 Nc2 30. Rxc3 Rxc3 31. Rc1 Ne3+ 32. Ke2 Rxc1 33. Kxe3 Re1+ 34. Kd4 Re4+ 35. Kd3 Rxe5 36. f4 Re4 37. f5 Rxb4 38. fxe6 fxe6 39. g4 a5 40. Kc3 d4+ 41. Kd3 a4 42. g5 a3 43. h4 a2 44. h5 a1=Q 45. hxg6 Qc3+ 46. Ke2 Rb2+ 0-1

[Event "GER-ch Youth-U10 2022"]
[Site "Willingen"]
[Date "2022.06.10"]
[Round "10.7"]
[White "Vartanian, Roman"]
[Black "Fischer, Quirin"]
[Result "1-0"]
[ECO "A34"]
[WhiteElo "1511"]
[BlackElo "1195"]
[Annotator "NA RC COMBH"]
[PlyCount "102"]
[EventDate "2022.06.05"]
[EventType "swiss"]
[EventRounds "11"]
[EventCountry "GER"]
[SourceTitle "playchess.com"]
[Source "ChessBase"]
[SourceQuality "1"]
[TimeControl "40/4500+30:900+30"]

1. Nf3 c5 2. c4 g6 3. e3 Bg7 4. Nc3 Nf6 5. Be2 Nc6 6. a3 O-O 7. O-O d5 8. cxd5 Nxd5 9. Qc2 Nxc3 10. bxc3 Qd5 11. d4 c4 12. e4 Qb5 13. Nd2 Na5 14. Rb1 Qc6 15. Rd1 b5 16. a4 a6 17. Ba3 Re8 18. Ra1 Bd7 19. Bb4 Nb7 20. axb5 axb5 21. Rxa8 Rxa8 22. Bxe7 Qc7 23. Bb4 Bf8 24. Bxf8 Kxf8 25. Qb2 Qa5 26. f3 Qa2 27. Rb1 f5 28. Kf2 Ke7 29. Nxc4 bxc4 30. Qb4+ Ke8 31. Qxb7 Bc8 32. Qb2 Qxb2 33. Rxb2 Bd7 34. Bxc4 Ra3 35. Rc2 Ba4 36. Rc1 Bd7 37. Ke3 g5 38. exf5 Bxf5 39. Bd3 Bxd3 40. Kxd3 Ra2 41. Rc2 Ra3 42. h3 h5 43. Rb2 h4 44. Rb5 g4 45. fxg4 Ra2 46. Re5+ Kd7 47. Re2 Ra5 48. g3 hxg3 49. Rg2 Ra8 50. Rxg3 Rf8 51. Re3 Rh8 1-0

[Event "GER-ch Youth-U10 2022"]
[Site "Willingen"]
[Date "2022.06.10"]
[Round "10.8"]
[White "Stehning, Toni"]
[Black "Fadeev, Justin Michael"]
[Result "1-0"]
[ECO "B26"]
[WhiteElo "1097"]
[BlackElo "1320"]
[Annotator "NA RC COMBH"]
[PlyCount "61"]
[EventDate "2022.06.05"]
[EventType "swiss"]
[EventRounds "11"]
[EventCountry "GER"]
[SourceTitle "playchess.com"]
[Source "ChessBase"]
[SourceQuality "1"]
[TimeControl "40/4500+30:900+30"]

1. e4 c5 2. Nc3 Nc6 3. g3 g6 4. Bg2 Bg7 5. d3 d6 6. Be3 e6 7. Qd2 Nge7 8. Bh6 O-O 9. h4 Nd4 10. h5 a5 11. Bxg7 Kxg7 12. hxg6 Nxg6 13. Qh6+ Kf6 14. e5+ Ke7 15. exd6+ Qxd6 16. Ne4 Qe5 17. O-O-O a4 18. f4 Qd5 19. c4 Qd8 20. Qg5+ Kd7 21. Qxc5 Nc6 22. Qd6+ Ke8 23. Nf6+ Qxf6 24. Bxc6+ bxc6 25. Qxc6+ Kd8 26. Qxa8 Qd4 27. Qa5+ Ke7 28. Qxa4 Qe3+ 29. Kb1 Bd7 30. Qb4+ Ke8 31. f5 1-0

[Event "GER-ch Youth-U10 2022"]
[Site "Willingen"]
[Date "2022.06.10"]
[Round "10.9"]
[White "Sheng, Ming"]
[Black "Lee, Ho In"]
[Result "1-0"]
[ECO "C02"]
[WhiteElo "1258"]
[BlackElo "1396"]
[Annotator "NA RC COMBH"]
[PlyCount "87"]
[EventDate "2022.06.05"]
[EventType "swiss"]
[EventRounds "11"]
[EventCountry "GER"]
[SourceTitle "playchess.com"]
[Source "ChessBase"]
[SourceQuality "1"]
[TimeControl "40/4500+30:900+30"]

1. e4 e6 2. d4 d5 3. e5 c5 4. c3 Nc6 5. Nf3 Qb6 6. a3 Bd7 7. g3 c4 8. Bg2 Nge7 9. O-O Na5 10. Nbd2 Nc8 11. Rb1 Qc7 12. h4 Nb6 13. Nh2 Ba4 14. Qf3 O-O-O 15. Re1 g6 16. Ng4 Bg7 17. Nf6 Nd7 18. Ng4 Rdf8 19. Bh3 Bc2 20. Ra1 Bf5 21. Bg2 Kb8 22. Ne3 Bd3 23. Bf1 Bxf1 24. Nexf1 Nb6 25. Ne3 h5 26. Nd1 Qe7 27. Rb1 Bh6 28. Nf1 Bxc1 29. Rxc1 Nb3 30. Rc2 g5 31. hxg5 Qxg5 32. Qe3 Rfg8 33. Qxg5 Rxg5 34. Nh2 Nc8 35. Ne3 Ne7 36. Nf3 Rg7 37. Nh4 Ng6 38. Neg2 Nf8 39. Re3 Nh7 40. Nf4 Ng5 41. Kg2 Ne4 42. Re1 Rg5 43. Nf3 Rg4 44. Rh1 1-0

[Event "GER-ch Youth-U10 2022"]
[Site "Willingen"]
[Date "2022.06.10"]
[Round "10.10"]
[White "Rohatgi, Kushagra"]
[Black "Allen, Phillipp"]
[Result "0-1"]
[ECO "B15"]
[WhiteElo "1222"]
[BlackElo "1467"]
[Annotator "NA RC COMBH"]
[PlyCount "186"]
[EventDate "2022.06.05"]
[EventType "swiss"]
[EventRounds "11"]
[EventCountry "GER"]
[SourceTitle "playchess.com"]
[Source "ChessBase"]
[SourceQuality "1"]
[TimeControl "40/4500+30:900+30"]

1. e4 c6 2. d4 d5 3. Nc3 dxe4 4. Nxe4 Nf6 5. Nxf6+ exf6 6. c3 Be6 7. Bd3 Bd6 8. Ne2 O-O 9. O-O Nd7 10. Bf4 Qc7 11. Bxd6 Qxd6 12. Qc2 h6 13. Ng3 b5 14. Ne4 Qc7 15. Rfe1 a6 16. Rad1 Rad8 17. a4 Nb6 18. axb5 axb5 19. Nc5 Bc4 20. Bxc4 Nxc4 21. b3 Nd6 22. Ra1 Ra8 23. h3 Nb7 24. Nxb7 Qxb7 25. Rxa8 Rxa8 26. Qe2 Kf8 27. Qe4 g6 28. Qf4 Kg7 29. Qe3 Qd7 30. Qe4 Ra3 31. Qc2 Qd5 32. Rb1 c5 33. dxc5 Qxc5 34. Qb2 Ra8 35. Ra1 Rc8 36. Rc1 Qe5 37. Qd2 Qe6 38. Qb2 Qe5 39. Qd2 Qe6 40. Qb2 Re8 41. Qc2 Qe2 42. Qxe2 Rxe2 43. c4 bxc4 44. bxc4 Re6 45. Kf1 f5 46. Re1 Rc6 47. Rc1 Kf6 48. Ke2 Ke5 49. Kd3 Re6 50. Re1+ Kd6 51. Rxe6+ fxe6 52. f4 e5 53. fxe5+ Kxe5 54. g3 g5 55. Ke3 h5 56. h4 g4 57. c5 f4+ 58. gxf4+ Kd5 59. c6 Kxc6 60. f5 Kd6 61. Kf4 Ke7 62. Ke4 Kd6 63. Kf4 Kd5 64. f6 Ke6 65. f7 Kxf7 66. Ke4 Ke6 67. Kf4 Kd5 68. Ke3 Ke5 69. Kf2 Kf4 70. Kg2 Ke4 71. Kf2 Kd3 72. Kg3 Ke3 73. Kg2 Kf4 74. Kf2 g3+ 75. Kg2 Kg4 76. Kg1 Kxh4 77. Kg2 Kg4 78. Kg1 Kh3 79. Kh1 g2+ 80. Kg1 h4 81. Kf2 Kh2 82. Kf3 g1=Q 83. Kf4 Qg3+ 84. Kf5 Kg2 85. Kf6 h3 86. Kf7 h2 87. Kf8 h1=R 88. Kf7 Rf1+ 89. Ke6 Qe3+ 90. Kd7 Rd1+ 91. Kc6 Qc3+ 92. Kb5 Rb1+ 93. Ka4 Qa1# 0-1

[Event "GER-ch Youth-U10 2022"]
[Site "Willingen"]
[Date "2022.06.10"]
[Round "10.11"]
[White "Vu, Khoi Nguyen"]
[Black "Belin, Anton"]
[Result "1/2-1/2"]
[ECO "B01"]
[WhiteElo "1627"]
[BlackElo "1213"]
[Annotator "NA RC COMBH"]
[PlyCount "78"]
[EventDate "2022.06.05"]
[EventType "swiss"]
[EventRounds "11"]
[EventCountry "GER"]
[SourceTitle "playchess.com"]
[Source "ChessBase"]
[SourceQuality "1"]
[TimeControl "40/4500+30:900+30"]

1. e4 d5 2. exd5 Nf6 3. d4 Bg4 4. Nf3 Qxd5 5. c4 Qf5 6. Bd3 Bxf3 7. Bxf5 Bxd1 8. Kxd1 e6 9. Bd3 Nc6 10. Be3 O-O-O 11. Nc3 Nxd4 12. Bxd4 Rxd4 13. Kc2 c6 14. Ne2 Rd7 15. f3 Bc5 16. a3 Rhd8 17. Rhd1 a6 18. b4 Be3 19. a4 Kc7 20. b5 axb5 21. cxb5 cxb5 22. Bxb5 Rd2+ 23. Rxd2 Rxd2+ 24. Kb3 Nd5 25. Rc1+ Kb6 26. g3 Rxe2 27. Bxe2 Bxc1 28. Bb5 Be3 29. Be8 f6 30. Bf7 Nc7 31. Bg8 h6 32. Bf7 Bg1 33. h3 Bh2 34. g4 Kc6 35. Bg6 Na6 36. Be4+ Kb6 37. Kc4 Nc5 38. a5+ Kxa5 39. Kxc5 b5 1/2-1/2

[Event "GER-ch Youth-U10 2022"]
[Site "Willingen"]
[Date "2022.06.10"]
[Round "10.12"]
[White "Moskalenko, Michael"]
[Black "Junge, Mattheo Gabriel"]
[Result "1/2-1/2"]
[ECO "E97"]
[WhiteElo "1266"]
[BlackElo "1132"]
[Annotator "NA RC COMBH"]
[PlyCount "147"]
[EventDate "2022.06.05"]
[EventType "swiss"]
[EventRounds "11"]
[EventCountry "GER"]
[SourceTitle "playchess.com"]
[Source "ChessBase"]
[SourceQuality "1"]
[TimeControl "40/4500+30:900+30"]

1. d4 Nf6 2. c4 g6 3. Nc3 Bg7 4. e4 d6 5. Nf3 O-O 6. Be2 e5 7. O-O Nc6 8. d5 Ne7 9. Nd2 Ne8 10. b4 f5 11. f3 f4 12. c5 h5 13. a4 g5 14. Nc4 Rf6 15. h3 Rg6 16. cxd6 cxd6 17. b5 Nf6 18. Kf2 g4 19. hxg4 hxg4 20. Ke1 gxf3 21. gxf3 Nh5 22. Ba3 Ng3 23. Rg1 Bh3 24. Qd3 Nc8 25. Kd2 Nb6 26. Nb2 Rc8 27. Rac1 Rf6 28. Bb4 Kf7 29. Kc2 Nd7 30. a5 b6 31. a6 Nc5 32. Qd1 Qd7 33. Kb1 Rh8 34. Qc2 Bf8 35. Ka2 Rg6 36. Rb1 Rhg8 37. Bc4 Ngxe4 38. Rxg6 Nxc3+ 39. Bxc3 Rxg6 40. Bf1 Bxf1 41. Rxf1 Qxb5 42. Rh1 Qxa6+ 43. Kb1 Qc8 44. Qh2 Qf5+ 45. Ka2 Nd3 46. Qh7+ Bg7 47. Nc4 Qf6 48. Rh5 Nc5 49. Rf5 Qxf5 50. Nxd6+ Rxd6 51. Qxf5+ Kg8 52. Qc8+ Kh7 53. Qa8 Rd7 54. Qc6 a5 55. Ka3 Bf8 56. Ka2 Bd6 57. Qxb6 Na4 58. Qc6 Nxc3+ 59. Qxc3 Bb8 60. Qc8 Rxd5 61. Qb7+ Kg6 62. Qxd5 Bc7 63. Qc6+ Kf5 64. Qxc7 e4 65. fxe4+ Kxe4 66. Qc1 Kf3 67. Qf1+ Kg3 68. Ka3 f3 69. Ka4 f2 70. Kxa5 Kh2 71. Qxf2+ Kh1 72. Qa2 Kg1 73. Kb4 Kf1 74. Kc3 1/2-1/2

[Event "GER-ch Youth-U10 2022"]
[Site "Willingen"]
[Date "2022.06.10"]
[Round "10.13"]
[White "Zimmer, Tim"]
[Black "Wolf, Noah"]
[Result "1-0"]
[ECO "B35"]
[WhiteElo "1164"]
[BlackElo "1073"]
[Annotator "NA RC COMBH"]
[PlyCount "61"]
[EventDate "2022.06.05"]
[EventType "swiss"]
[EventRounds "11"]
[EventCountry "GER"]
[SourceTitle "playchess.com"]
[Source "ChessBase"]
[SourceQuality "1"]
[TimeControl "40/4500+30:900+30"]

1. e4 c5 2. Nf3 g6 3. d4 cxd4 4. Nxd4 Bg7 5. Nc3 Nc6 6. Be3 Nf6 7. Bc4 Qa5 8. f3 Qb4 9. Nxc6 dxc6 10. Bb3 O-O 11. Qd2 Be6 12. O-O-O Bxb3 13. cxb3 a5 14. h4 c5 15. Qe2 Rfc8 16. e5 Ne8 17. Nd5 Bxe5 18. Nxb4 cxb4+ 19. Kb1 Bg7 20. h5 Nf6 21. hxg6 hxg6 22. Bh6 e6 23. Bxg7 Kxg7 24. Qe3 Rh8 25. g4 Rxh1 26. Rxh1 Rh8 27. Rxh8 Kxh8 28. Qe5 Kg7 29. g5 a4 30. gxf6+ Kg8 31. Qb8+ 1-0